AoeStats
← elchoromota

Baltic

510322074Analyzed
3v3 RM · 23h ago on Sep 30, 2026· 39m 2s· 6 players
Game mode
Random Map
Map size
Normal (6 player)
Population
200
Speed
Normal
Resources
Standard
Victory
Conquest
Starting age
Dark Age
Ending age
Imperial Age
RankedLock teamsTeams togetherTeam positionsShared explorationLock speedFull tech treeHidden civsTurbo modeCheats
Victory
Defeat
🇺🇸 Wei · United States
793
+15
🇺🇸 Danes · United States
777
+16
🇨🇱 Varangians · Chile
746
+17
🇨🇳 Chinese · China
808
-17
🇨🇳 Khmer · China
797
-17
🇨🇳 Franks · China
721
-14
黑哨哥
0:31 Loom
9:59 Feudal Age
11:20 Wheelbarrow
10:33 Double-Bit Axe
10:46 Man-at-Arms
19:39 Horse Collar
23:50 Castle Age
22:36 Bloodlines
22:58 Forging
22:39 Fletching
22:52 Padded Archer Armor
23:37 Scale Mail Armor
23:38 Padded Archer Armor
23:43 Scale Barding Armor
24:00 Stone Mining
24:02 Gold Mining
25:33 Husbandry
31:27 Hand Cart
33:55 Imperial Age
31:12 Town Watch
33:08 Town Patrol
33:55 Masonry
37:39 Conscription
38:23 Architecture
39:05 Squires
Charlson
14:50 Feudal Age
17:33 Castle Age
34:12 Imperial Age
34:33 Double-Bit Axe
35:57 Double Crossbow
Casual player
12:53 Feudal Age
16:25 Double-Bit Axe
swirlygig
10:29 Loom
13:36 Feudal Age
14:58 Wheelbarrow
14:13 Double-Bit Axe
14:28 Fishing Lines
14:55 Gold Mining
20:10 Castle Age
19:59 Stone Mining
21:59 Bow Saw
22:34 Stone Shaft Mining
22:57 Gillnets
24:45 Horse Collar
25:26 Hand Cart
25:16 Arson
25:33 Squires
26:00 Fervor
28:14 Hamask
29:06 Fletching
30:16 Heavy Plow
32:08 Bodkin Arrow
35:35 Imperial Age
33:31 Ballistics
34:33 Gambesons
35:02 Forging
35:41 Elite Jomsviking
37:00 Iron Casting
36:26 Scale Mail Armor
36:57 Caravan
37:10 Capped Ram
39:48 Blast Furnace
38:48 Siege Ram
Jawad0325
7:43 Loom
10:49 Feudal Age
16:51 Castle Age
18:44 Double-Bit Axe
19:57 Pikeman
23:15 Fletching
24:15 Town Watch
26:09 Bodkin Arrow
28:53 Imperial Age
elchoromota
9:29 Loom
11:38 Feudal Age
12:02 Horse Collar
12:15 Double-Bit Axe
15:44 Man-at-Arms
17:05 Forging
16:56 Fishing Lines
21:02 Castle Age
20:14 Scale Mail Armor
23:35 Husbandry
23:51 Bow Saw
24:51 Heavy Plow
26:01 Gold Mining
26:05 Stone Mining
26:47 Scale Barding Armor
29:14 Gillnets
28:48 Vendel Legacy
29:27 Murder Holes
31:12 Stone Shaft Mining
30:28 Long Swordsman
35:32 Imperial Age
32:50 Town Watch
33:42 Wheelbarrow
35:35 Capped Ram
37:01 Padded Archer Armor
36:51 Fletching
Connection lost

Rejoining the realm…

Still unreachable

The connection could not be restored.

Session expired

The server has moved on; the page needs a fresh start.